 Dungeon Crawl Stone Soup version 0.23-b1-84-g6588a6b (webtiles) character file.

Game seed: 8876226405326847564

200 DarkinPup the Ducker (level 5, 0/41 HPs)
             Began as a Demonspawn Gladiator on Feb 10, 2019.
             Was a Believer of Yredelemnul.
             Killed from afar by Ijyb (15 damage)
             ... with a wand of acid (5)
             ... on level 3 of the Dungeon.
             The game lasted 00:07:20 (2291 turns).

DarkinPup the Ducker (Demonspawn Gladiator)         Turns: 2291, Time: 00:07:20

Health: 0/41       AC:  4    Str: 14    XL:     5   Next: 49%
Magic:  5/5        EV: 14    Int: 10    God:    Yredelemnul [**....]
Gold:   157        SH:  0    Dex: 15    Spells: 4/4 levels left

rFire    + . .     SeeInvis .   a - +0 long sword
rCold    . . .     Gourm    .   (no shield)
rNeg     . . .     Faith    .   b - +0 leather armour
rPois    .         Spirit   .   c - +0 helmet
rElec    .         Reflect  .   (no cloak)
rCorr    .         Harm     .   (no gloves)
MR       .....                  (no boots)
Stlth    ++........             j - amulet of rage
HPRegen  0.13/turn              i - ring of stealth
MPRegen  0.09/turn              s - ring of flight

@: no status effects
A: fire resistance 1, powered by death 1, sturdy frame 1
a: Animate Remains, Recall Undead Slaves, Injury Mirror, Renounce Religion,
Evoke Berserk Rage, Evoke Flight


You were on level 3 of the Dungeon.
You worshipped Yredelemnul.
Yredelemnul was pleased with you.
You were not hungry.

You visited 1 branch of the dungeon, and saw 3 of its levels.

You collected 157 gold pieces.

Inventory:

Hand Weapons
 a - a +0 long sword (weapon)
Missiles
 d - 2 throwing nets (quivered)
Armour
 b - a +0 leather armour (worn)
 c - a +0 helmet (worn)
Jewellery
 i - a ring of stealth (left hand)
 j - an amulet of rage (around neck)
 s - a ring of flight (right hand)
Scrolls
 h - a scroll of magic mapping {unknown}
 k - a scroll of fear {unknown}
 l - a scroll of remove curse {unknown}
 m - 2 scrolls of teleportation {unknown}
 n - 3 scrolls of immolation {unknown}
 o - 2 scrolls of identify {unknown}
 p - a scroll of enchant weapon {unknown}
Potions
 e - a potion of mutation {unknown}
 g - a potion of might {unknown}
 q - 2 potions of heal wounds {unknown}
Comestibles
 f - 2 rations


   Skills:
 * Level 3.5 Fighting
 * Level 3.7 Long Blades
 - Level 1.7 Throwing
 - Level 1.1 Armour
 * Level 3.8 Dodging
 + Level 0.7 Invocations
 + Level 0.2 Evocations


You had 4 spell levels left.
You didn't know any spells.
Your spell library was empty.

Dungeon Overview and Level Annotations

Branches:
Dungeon (3/15)

Altars:
Yredelemnul

Annotations:
D:3 Ijyb


Innate Abilities, Weirdness & Mutations

Your flesh is heat resistant. (rF+)
You regenerate a little health from kills.
Your movements are slightly less encumbered by armour. (ER -2)


Message History

There's nothing to close nearby.
There's nothing to close nearby.
There's nothing to close nearby.
There's nothing to close nearby.
There's nothing to close nearby.
You eat one of the 3 rations.
That ration really hit the spot!
Ijyb opens the door.
You close the door.
Ijyb opens the door.
Ijyb screams, "I no like you!"
Ijyb zaps a wand.
The bolt of acid hits you!
You are splashed with acid!
You close the door.
Ijyb opens the door.
You close the door.
Ijyb opens the door.
You close the door.
Ijyb opens the door.
You close the door.
Ijyb opens the door.
You close the door.
There's nothing to close nearby.
There's nothing to close nearby.
Ijyb opens the door.
Ijyb zaps a wand.
The bolt of acid hits you!
You die...
Your body rises from the dead as a mindless zombie.

#...##########...≈≈#
#..(.........#...≈≈######
#.....g......#...≈≈..(..#
##+##.....##'##..≈≈(###.#
#....(#...#..≈≈(# #.#
#.....#...#..≈≈(###.#####
#.....#)g.#..≈≈)........#
#...).##'##..≈≈.......... #.
#..)..#.@....≈≈[####.##.# #..
#.).).#.....≈≈≈(####.##.#
#≈≈≈#.....#≈≈≈≈≈≈≈#.....>....
#≈≈≈##'''##≈≈≈≈≈≈#####.#..)..
#≈≈≈≈...≈≈≈≈##### #...####
###≈≈...≈≈### #.### ###...###
#.# #.### #.# #.# #.#


You could see Ijyb.

Vanquished Creatures
  Jessica (D:2)
  An orc wizard (D:3)
  Robin (D:2)
  5 adders
  4 dart slugs (D:1)
  A worm (D:2)
  3 orcs (D:3)
  A ball python (D:1)
  3 giant cockroaches
  19 goblins
  9 hobgoblins
  4 jackals
  8 kobolds
  3 quokkas
  4 bats
  2 frilled lizards
  6 rats
75 creatures vanquished.

Vanquished Creatures (collateral kills)
  A goblin (D:3)
1 creature vanquished.

Vanquished Creatures (others)
  An adder zombie (D:3)
  2 orc zombies (D:3)
  A jackal (D:3)
  A hobgoblin skeleton (D:3)
  A jackal zombie (D:3)
6 creatures vanquished.

Grand Total: 82 creatures vanquished

Notes
Turn   | Place    | Note
-------+----------+-------------------------------------------
     0 | D:1      | DarkinPup the Demonspawn Gladiator began the quest for the
                  | Orb.
     0 | D:1      | Reached XP level 1. HP: 16/16 MP: 1/1
   174 | D:1      | Gained mutation: You regenerate a little health from kills.
                  | [demonic ancestry]
   174 | D:1      | Reached XP level 2. HP: 16/22 MP: 2/2
   591 | D:1      | Gained mutation: Your movements are slightly less
                  | encumbered by armour. (ER -2) [demonic ancestry]
   591 | D:1      | Reached XP level 3. HP: 27/28 MP: 3/3
   739 | D:2      | Found a basalt altar of Yredelemnul.
   816 | D:2      | Became a worshipper of Yredelemnul the Dark
   962 | D:2      | Noticed Jessica
   978 | D:2      | Killed Jessica
   978 | D:2      | Reached XP level 4. HP: 12/35 MP: 4/4
  1149 | D:2      | Noticed Robin
  1160 | D:2      | Reached * piety under Yredelemnul
  1172 | D:2      | Killed Robin
  1429 | D:3      | Reached skill level 1 in Armour
  1487 | D:3      | Gained mutation: Your flesh is heat resistant. (rF+)
                  | [demonic ancestry]
  1487 | D:3      | Reached XP level 5. HP: 26/41 MP: 5/5
  1672 | D:3      | Reached ** piety under Yredelemnul
  1814 | D:3      | Noticed Ijyb
  1818 | D:3      | HP: 1/41 [acid (14)]
  2291 | D:3      | Killed from afar by Ijyb

Skill      XL: |  1  2  3  4 |
---------------+-------------+-----
Long Blades    | 3 |  3.7
Dodging        | 3 |  3.8
Fighting       | 3 |  3.5
Armour         | 1 |  1.1
Throwing       | |  1.7
Invocations    | |  0.7
Evocations     | |  0.2

Action                   |  1- 3 |  4- 6 || total
-------------------------+-------+-------++-------
Melee: Long sword        |   110 |    87 ||   197
Throw: Throwing net      |       |     1 ||     1
Invok: Animate Remains   |       |     5 ||     5
 Abil: Evoke Berserk Rag |       |     1 ||     1
       Evoke Flight      |       |     2 ||     2
 Stab: Sleeping          |     2 |     3 ||     5
  Eat: Chunk             |       |     6 ||     6
       Ration            |       |     1 ||     1
Armor: Leather armour    |    38 |    28 ||    66
Dodge: Dodged            |    90 |    99 ||   189
       Rpst.: Long sword |    31 |    33 ||    64
